 Dungeon Crawl Stone Soup version 0.20.0-15-g7f486f2 (webtiles) character file.

1794 Pikken the Grappler (level 8, -6/78 HPs)
             Began as a Troll Monk on June 18, 2017.
             Was a Priest of Trog.
             Mangled by ShornTheSheep's ghost (11 damage)
             ... on level 7 of the Dungeon.
             The game lasted 00:16:22 (5738 turns).

Pikken the Grappler (Troll Monk)                    Turns: 5738, Time: 00:16:23

Health: -6/78      AC:  6    Str: 20    XL:     8   Next: 82%
Magic:  7/7        EV: 12    Int: 10    God:    Trog [***...]
Gold:   363        SH:  0    Dex: 14    Spells: 7/7 levels left

rFire    . . .     SeeInvis .     - Unarmed
rCold    . . .     Gourm    +   (no shield)
rNeg     . . .     Faith    .   a - +1 robe
rPois    .         Spirit   .   (helmet restricted)
rElec    .         Reflect  .   (no cloak)
rCorr    .         Harm     .   (gloves unavailable)
MR       .....                  (boots unavailable)
Stlth    ++........             (no amulet)
Regen    0.7/turn               k - +4 ring of intelligence
MPRegen  0.1/turn               (no ring)

@: berserk cooldown, slowed, very slow
A: unfitting armour, claws 3, fast metabolism 3, gourmand, regeneration 1,
shaggy fur 1, tough skin 2
a: Berserk, Trog's Hand, Burn Spellbooks, Renounce Religion


You were on level 7 of the Dungeon.
You worshipped Trog.
Trog was most pleased with you.
You were full.

You visited 1 branch of the dungeon, and saw 7 of its levels.
You also visited: Sewer.

You collected 363 gold pieces.

Inventory:

Armour
 a - a +1 robe (worn)
Jewellery
 k - a +4 ring of intelligence (left claw)
Wands
 f - a wand of digging (11/24)
 l - a wand of disintegration (11/24)
Scrolls
 c - 4 scrolls of teleportation
 g - 2 scrolls of remove curse
 h - a scroll of magic mapping {unknown}
 m - a scroll of blinking {unknown}
 n - a scroll of identify
 o - a scroll of noise {unknown}
 p - a scroll of enchant armour
 q - a scroll of random uselessness {unknown}
Potions
 e - a potion of curing
 i - 2 potions of agility
 r - 3 potions of flight
Comestibles
 b - 6 bread rations
 d - 5 meat rations
 j - 4 royal jellies


   Skills:
 * Level 4.3 Fighting
 + Level 5.4 Dodging
 - Level 2.7 Stealth
 + Level 8.3 Unarmed Combat


You had 7 spell levels left.
You didn't know any spells.

Dungeon Overview and Level Annotations

Branches:
Dungeon (7/15)
 Temple: D:4-7

Altars:
Fedhas
Trog
Vehumet

Annotations:
D:7 ShornTheSheep's ghost, novice GrBe


Innate Abilities, Weirdness & Mutations

You are too large for most types of armour.
You have claws for hands.
Your metabolism is lightning-fast.
You like to eat raw meat.
Your natural rate of healing is unusually fast.
You are covered in fur. (AC +1)
You have very tough skin. (AC +2)


Message History

ShornTheSheep's ghost hits you!
* * * LOW HITPOINT WARNING * * *
x2 ShornTheSheep's ghost barely misses you.
You barely miss ShornTheSheep's ghost.
You claw ShornTheSheep's ghost, but do no damage.
ShornTheSheep's ghost is almost destroyed.
ShornTheSheep's ghost hits you but does no damage.
You scratch ShornTheSheep's ghost but do no damage.
ShornTheSheep's ghost is almost destroyed.
ShornTheSheep's ghost hits you!
* * * LOW HITPOINT WARNING * * *
x2 The sky beast flickers out of sight!
Deactivating autopickup; reactivate with Ctrl-A.
You scratch ShornTheSheep's ghost but do no damage.
ShornTheSheep's ghost is almost destroyed.
ShornTheSheep's ghost misses you.
You scratch ShornTheSheep's ghost but do no damage.
ShornTheSheep's ghost is almost destroyed.
ShornTheSheep's ghost hits you!
You die...

#.#.#.. #.#.#.#
#.#.#.# #
#.#.#.# #.#
#.#.#.#
....###.#.#.###
..............#
..........#.#.#
#.####<#.#@#
#.#.#W# #....{.
#.#.....
#.....#.#
#.#.###.# #...#
.# #.)! #


You could see ShornTheSheep's ghost.

Vanquished Creatures
  The ghost of SirYmp the Basher, a novice MiBe of Trog (D:6)
  A phantom (D:3)
  A black bear (D:3)
  2 centaurs
  3 ogres
  2 scorpions (D:5)
  A crimson imp (D:5)
  A bullfrog skeleton (D:5)
  2 hounds
  3 orc priests
  5 orc wizards (D:4)
  Jessica (D:3)
  Terence (D:2)
  An iguana (D:5)
  2 worker ants (D:5)
  A howler monkey zombie (D:6)
  Robin (D:2)
  4 gnolls (D:6)
  A river rat (D:6)
  9 adders
  A shadow imp (D:6)
  6 oozes
  An adder zombie (D:3)
  5 worms
  2 dart slugs (D:1)
  4 leopard geckos
  8 orcs
  7 giant cockroaches
  14 goblins
  8 hobgoblins
  5 jackals
  A kobold (D:2)
  4 ball pythons
  15 bats
  6 frilled lizards
  A jackal skeleton (D:5)
  A jackal zombie (D:5)
  A quokka skeleton (D:5)
  3 rats
136 creatures vanquished.

Vanquished Creatures (others)
  6 fungi (D:4)
6 creatures vanquished.

Grand Total: 142 creatures vanquished

Notes
Turn   | Place    | Note
-------+----------+-------------------------------------------
     0 | D:1      | Pikken the Troll Monk began the quest for the Orb.
     0 | D:1      | Reached XP level 1. HP: 22/22 MP: 0/0
   260 | D:1      | Reached XP level 2. HP: 29/29 MP: 1/1
  1072 | D:2      | Reached XP level 3. HP: 36/36 MP: 2/2
  1127 | D:2      | Noticed Robin
  1183 | D:2      | Killed Robin
  1184 | D:2      | Reached XP level 4. HP: 45/45 MP: 3/3
  1576 | D:2      | Noticed Terence
  1588 | D:2      | Killed Terence
  1813 | D:3      | Noticed Jessica
  1815 | D:3      | Noticed a black bear
  1822 | D:3      | Killed Jessica
  1822 | D:3      | Reached XP level 5. HP: 46/53 MP: 4/4
  1824 | D:3      | Killed a black bear
  1824 | D:3      | Reached skill level 4 in Unarmed Combat
  1988 | D:3      | Noticed a centaur
  2001 | D:3      | Killed a centaur
  2001 | D:3      | Reached XP level 6. HP: 27/61 MP: 5/5
  2262 | D:3      | Reached skill level 5 in Unarmed Combat
  2413 | D:3      | Found a bloodstained altar of Trog.
  2432 | D:3      | Became a worshipper of Trog the Wrathful
  2432 | D:3      | Reached * piety under Trog
  2432 | D:3      | Reached ** piety under Trog
  2720 | D:4      | Found a blossoming altar of Fedhas.
  3051 | D:4      | Reached XP level 7. HP: 67/67 MP: 6/6
  3095 | D:4      | Reached skill level 6 in Unarmed Combat
  3566 | D:5      | Entered Level 5 of the Dungeon
  3867 | D:5      | Reached XP level 8. HP: 75/75 MP: 7/7
  4019 | D:5      | Reached skill level 7 in Unarmed Combat
  4386 | D:6      | Found a radiant altar of Vehumet.
  4419 | D:6      | Found a glowing drain.
  4558 | Sewer    | Entered a sewer
  4697 | Sewer    | Reached *** piety under Trog
  5129 | D:6      | Reached skill level 5 in Dodging
  5147 | D:6      | Noticed SirYmp's ghost (novice MiBe)
  5156 | D:6      | Killed SirYmp's ghost
  5156 | D:6      | Reached skill level 8 in Unarmed Combat
  5710 | D:7      | Noticed ShornTheSheep's ghost (novice GrBe)
  5736 | D:7      | HP: 3/78 [ShornTheSheep's ghost (2)]
  5738 | D:7      | Mangled by ShornTheSheep's ghost

Skill      XL: |  1  2  3  4  5  6  7  8 |
---------------+-------------------------+-----
Dodging        | 3 4 5 |  5.4
Fighting       | 3 4 |  4.3
Unarmed Combat | 4 5 6 8 |  8.3
Stealth        | 2 |  2.7

Action                   |  1- 3 |  4- 6 |  7- 9 || total
-------------------------+-------+-------+-------++-------
Melee: Unarmed           |    82 |   109 |   205 ||   396
       Punch             |       |     3 |     8 ||    11
Invok: Burn Spellbooks   |       |     1 |     1 ||     2
       Berserk           |       |       |     5 ||     5
  Use: Scroll            |     6 |       |     3 ||     9
       Potion            |     3 |     4 |     3 ||    10
 Stab: Sleeping          |     2 |     9 |     6 ||    17
  Eat: Chunk             |    16 |    17 |    27 ||    60
Armor: Robe              |    23 |    36 |    74 ||   133
Dodge: Dodged            |    37 |    53 |   151 ||   241
